ITL
BIRMINGHAM BARONS @ WABA DUCKS
09/14/2030
 
TOP OF THE 1ST
Birmingham Barons batting - Pitching for Waba Ducks : RHP Masamichi Samurakami
Pitching: RHP Masamichi Samurakami
Batting: LHB Ron Young 0-0: Ball
1-0: Ball
2-0: Foul Ball, location: 2F
2-1: Ball
3-1: Base on Balls
Batting: LHB Alberto Santos 0-0: Foul Ball, location: 2F
0-1: Called Strike
Ron Young steals 2nd base
0-2: Ball
1-2: SINGLE (Groundball, 4MD)
Ron Young to third
Runner from 3rd tries for Home, SAFE, throw made home
Batting: RHB Fred Moulds 0-0: Ball
1-0: Foul Ball, location: 2F
1-1: Ball
2-1: Foul Ball, location: 2F
2-2: Grounds into double play, 6-4-3 (Groundball, 6)
Batting: RHB Bryant von Bohlen 0-0: Called Strike
0-1: Ball
1-1: Foul Ball, location: 2F
1-2: Ball
2-2: Ball
3-2: Base on Balls
Batting: SHB Randy Anderson 0-0: Called Strike
0-1: SINGLE (Groundball, 4MS) (infield hit)
Bryant von Bohlen to second
Batting: RHB Dave Dawson 0-0: Fly out, F5 (Line Drive, 56)
Top of the 1st over - 1 run, 2 hits, 0 errors, 2 left on base; Birmingham 1 - Waba 0
BOTTOM OF THE 1ST
Waba Ducks batting - Pitching for Birmingham Barons : RHP Adrián Serrano
Pitching: RHP Adrián Serrano
Batting: RHB Charles Lewis 0-0: Ball
1-0: Called Strike
1-1: Ball
2-1: Ball
3-1: Called Strike
3-2: SINGLE (Flyball, 78M)
Batting: LHB Stanley Mullins 0-0: Ball
1-0: Called Strike
1-1: Ball
2-1: Called Strike
2-2: Fly out, F7 (Flyball, 7S)
Batting: RHB Jimmy Simon 0-0: Ball
1-0: Ball
2-0: Foul Ball, location: 2F
2-1: Called Strike
2-2: Ball
3-2: Strikes out swinging
Charles Lewis steals 2nd base
Batter strikes out.
Batting: LHB Vincente Sáenz 0-0: Called Strike
0-1: Ball
1-1: Called Strike
1-2: Ball
2-2: Foul Ball, location: 2F
2-2: Foul Ball, location: 2F
2-2: Fly out, F9 (Flyball, 9D)
Bottom of the 1st over - 0 runs, 1 hit, 0 errors, 1 left on base; Birmingham 1 - Waba 0
TOP OF THE 2ND
Birmingham Barons batting - Pitching for Waba Ducks : RHP Masamichi Samurakami
Batting: RHB Jerry Johnston 0-0: Swinging Strike
0-1: Swinging Strike
0-2: SINGLE (Groundball, 5S) (infield hit)
Batting: RHB Rusty Downy 0-0: Ball
1-0: Called Strike
Jerry Johnston steals 2nd base
1-1: Ball
2-1: Ball
3-1: Called Strike
3-2: Ground out 6-3 (Groundball, 6)
Batting: RHB Dave Williams 0-0: Foul Ball, location: 2F
0-1: Ball
1-1: Foul Ball, location: 2F
1-2: Ball
2-2: SINGLE (Groundball, 56D)
Jerry Johnston to third
Runner from 3rd tries for Home, SAFE, no throw
Batting: LHB Ron Young 0-0: Ball
1-0: Called Strike
1-1: SINGLE (Flyball, 7S)
Dave Williams to second
Batting: LHB Alberto Santos 0-0: Ball
1-0: Ball
2-0: Ball
3-0: Base on Balls
Dave Williams to third
Ron Young to second
Batting: RHB Fred Moulds 0-0: Ball
1-0: Ball
2-0: Called Strike
2-1: Called Strike
2-2: Foul Ball, location: 2F
2-2: Ball
3-2: SINGLE (Line Drive, 4MD)
Dave Williams scores
Ron Young to third
Alberto Santos to second
Runner from 3rd tries for Home, SAFE, no throw
Batting: RHB Bryant von Bohlen 0-0: Swinging Strike
0-1: Hit by Pitch
Alberto Santos to third
Fred Moulds to second
Batting: SHB Randy Anderson 0-0: Ball
Wild Pitch!
Alberto Santos scores
Fred Moulds to third
Bryant von Bohlen to second
1-0: Ball
2-0: Ball
3-0: Called Strike
3-1: Fly out, F8 (Flyball, 89D)
Runner from 3rd tags up, OUT at HOME
Top of the 2nd over - 4 runs, 4 hits, 0 errors, 1 left on base; Birmingham 5 - Waba 0
BOTTOM OF THE 2ND
Waba Ducks batting - Pitching for Birmingham Barons : RHP Adrián Serrano
Batting: RHB Gerald Burnett 0-0: Foul Ball, location: 2F
0-1: Swinging Strike
0-2: Ball
1-2: Ball
2-2: Foul Ball, location: 2F
2-2: Ball
3-2: Foul Ball, location: 2F
3-2: Fly out, F9 (Flyball, 89D)
Batting: RHB Juan Vareas 0-0: SINGLE (Line Drive, 9LS)
Batting: RHB Francisco Castillo 0-0: Ball
1-0: Swinging Strike
1-1: Swinging Strike
1-2: Strikes out swinging
Batting: SHB John May 0-0: Swinging Strike
0-1: Ball
1-1: Foul Ball, location: 2F
1-2: Strikes out swinging
Bottom of the 2nd over - 0 runs, 1 hit, 0 errors, 1 left on base; Birmingham 5 - Waba 0
TOP OF THE 3RD
Birmingham Barons batting - Pitching for Waba Ducks : RHP Masamichi Samurakami
Batting: RHB Dave Dawson 0-0: Called Strike
0-1: Ground out 6-3 (Groundball, 6)
Batting: RHB Jerry Johnston 0-0: Ball
1-0: Fly out, F9 (Line Drive, 89M)
Batting: RHB Rusty Downy 0-0: Ball
1-0: SINGLE (Line Drive, 8RS)
Batting: RHB Dave Williams 0-0: DOUBLE (Line Drive, 7D)
Rusty Downy to third
Runner from 3rd tries for Home, SAFE, no throw
Batting: LHB Ron Young 0-0: Ball
1-0: Ball
2-0: Foul Ball, location: 2F
2-1: Called Strike
2-2: Fly out, F8 (Flyball, 8RD)
Top of the 3rd over - 1 run, 2 hits, 0 errors, 1 left on base; Birmingham 6 - Waba 0
BOTTOM OF THE 3RD
Waba Ducks batting - Pitching for Birmingham Barons : RHP Adrián Serrano
Batting: RHB Jorge Castillo 0-0: Called Strike
0-1: Swinging Strike
0-2: Ball
1-2: Ball
2-2: Ball
3-2: Ground out 6-3 (Groundball, 6)
Batting: RHB Charles Lewis 0-0: Ball
1-0: Reached on error, E4 (Groundball, 4M)
Batting: LHB Stanley Mullins 0-0: SINGLE (Line Drive, 6MD)
Charles Lewis to third
Batting: RHB Jimmy Simon 0-0: Called Strike
0-1: Swinging Strike
0-2: Ball
1-2: Strikes out swinging
Batting: LHB Vincente Sáenz 0-0: Called Strike
0-1: Foul Ball, location: 2F
0-2: Ball
1-2: Fly out, F9 (Flyball, 9S)
Bottom of the 3rd over - 0 runs, 1 hit, 1 error, 2 left on base; Birmingham 6 - Waba 0
TOP OF THE 4TH
Birmingham Barons batting - Pitching for Waba Ducks : RHP Masamichi Samurakami
Batting: LHB Alberto Santos 0-0: Called Strike
0-1: Ground out 4-3 (Groundball, 4)
Batting: RHB Fred Moulds 0-0: Called Strike
0-1: Foul Ball, location: 2F
0-2: SINGLE (Groundball, 4MD)
Batting: RHB Bryant von Bohlen 0-0: Ball
1-0: SINGLE (Groundball, 34D)
Fred Moulds to second
Runner from 2nd tries for 3rd, SAFE, no throw
Batting: SHB Randy Anderson 0-0: Ground out U3 (Groundball, 34)
Fred Moulds scores
Bryant von Bohlen to second
Batting: RHB Dave Dawson 0-0: Called Strike
0-1: Foul Ball, location: 2F
0-2: Ball
1-2: SINGLE (Line Drive, 3D)
Bryant von Bohlen to third
Runner from 3rd tries for Home, SAFE, no throw
Batting: RHB Jerry Johnston 0-0: Called Strike
0-1: Foul Ball, location: 2F
0-2: Ball
1-2: Foul Ball, location: 2F
1-2: Ball
2-2: Foul Ball, location: 2F
2-2: SINGLE (Flyball, 4MD)
Dave Dawson to second
Runner from 2nd tries for 3rd, SAFE, no throw
Batting: RHB Rusty Downy 0-0: Ball
1-0: Ground out 4-3 (Groundball, 4)
Top of the 4th over - 2 runs, 4 hits, 0 errors, 2 left on base; Birmingham 8 - Waba 0
BOTTOM OF THE 4TH
Waba Ducks batting - Pitching for Birmingham Barons : RHP Adrián Serrano
Batting: RHB Gerald Burnett 0-0: Ball
1-0: Ball
2-0: Foul Ball, location: 2F
2-1: Ball
3-1: SINGLE (Groundball, 56D)
Batting: RHB Juan Vareas 0-0: Foul Ball, location: 2F
0-1: Called Strike
0-2: Ball
1-2: SINGLE (Groundball, 56D)
Gerald Burnett to second
Batting: RHB Francisco Castillo 0-0: Ball
1-0: Called Strike
1-1: Ball
2-1: SINGLE (Line Drive, 89S)
Gerald Burnett to third
Juan Vareas to second
Batting: SHB John May 0-0: Ball
1-0: Called Strike
1-1: Swinging Strike
1-2: Ball
2-2: Foul Ball, location: 2F
2-2: Grounds into double play, 3-6-3 (Groundball, 3)
Gerald Burnett scores
Juan Vareas to third
Batting: RHB Jorge Castillo 0-0: Foul Ball, location: 2F
0-1: Ball
1-1: Ball
2-1: Ball
3-1: Foul Ball, location: 2F
3-2: Strikes out looking
Bottom of the 4th over - 1 run, 3 hits, 0 errors, 1 left on base; Birmingham 8 - Waba 1
TOP OF THE 5TH
Birmingham Barons batting - Pitching for Waba Ducks : RHP Masamichi Samurakami
Batting: RHB Dave Williams 0-0: Fly out, F9 (Flyball, 9S)
Batting: LHB Ron Young 0-0: Called Strike
0-1: Ball
1-1: Reached on error, E6 (Groundball, 6)
Batting: LHB Alberto Santos 0-0: Foul Ball, location: 2F
0-1: Ground out 4-3 (Groundball, 4)
Ron Young to third
Batting: RHB Fred Moulds 0-0: Ball
1-0: Ball
2-0: Called Strike
2-1: Swinging Strike
2-2: Foul Ball, location: 2F
2-2: DOUBLE (Groundball, 5L)
Ron Young scores
Batting: RHB Bryant von Bohlen 0-0: Called Strike
0-1: Ball
1-1: Swinging Strike
1-2: Ground out 6-3 (Groundball, 6)
Top of the 5th over - 1 run, 1 hit, 1 error, 1 left on base; Birmingham 9 - Waba 1
BOTTOM OF THE 5TH
Waba Ducks batting - Pitching for Birmingham Barons : RHP Adrián Serrano
Batting: RHB Charles Lewis 0-0: Ball
1-0: Foul Ball, location: 2F
1-1: Ball
2-1: Fly out, F7 (Flyball, 7)
Batting: LHB Stanley Mullins 0-0: Called Strike
0-1: Ball
1-1: SINGLE (Groundball, 6MD)
Batting: RHB Jimmy Simon 0-0: DOUBLE (Flyball, 8LXD)
Stanley Mullins to third
Runner from 3rd tries for Home, SAFE, no throw
Batting: LHB Vincente Sáenz 0-0: SINGLE (Groundball, 34D)
Jimmy Simon to third
Runner from 3rd tries for Home, SAFE, no throw
Batting: RHB Gerald Burnett 0-0: Called Strike
0-1: Grounds into double play, 4-6-3 (Groundball, 4)
Bottom of the 5th over - 2 runs, 3 hits, 0 errors, 0 left on base; Birmingham 9 - Waba 3
TOP OF THE 6TH
Birmingham Barons batting - Pitching for Waba Ducks : RHP Masamichi Samurakami
Pitching: RHP Jim Wilson
Batting: SHB Randy Anderson 0-0: Called Strike
0-1: Ball
1-1: Ball
2-1: Foul Ball, location: 2F
2-2: Strikes out swinging
Batting: RHB Dave Dawson 0-0: Ball
1-0: Ball
2-0: Foul Ball, location: 2F
2-1: Foul Ball, location: 2F
2-2: Strikes out swinging
Batting: RHB Jerry Johnston 0-0: Called Strike
0-1: SINGLE (Groundball, 6D)
Batting: RHB Rusty Downy 0-0: Called Strike
Jerry Johnston steals 2nd base
0-1: Ball
1-1: Foul Ball, location: 2F
1-2: Strikes out swinging
Top of the 6th over - 0 runs, 1 hit, 0 errors, 1 left on base; Birmingham 9 - Waba 3
BOTTOM OF THE 6TH
Waba Ducks batting - Pitching for Birmingham Barons : RHP Adrián Serrano
Pitching: RHP Enrique Boyd
Batting: RHB Juan Vareas 0-0: Fly out, F7 (Line Drive, 7)
Batting: RHB Francisco Castillo 0-0: Foul Ball, location: 2F
0-1: SINGLE (Groundball, 56) (infield hit)
Batting: SHB John May 0-0: Foul Ball, location: 2F
0-1: Foul Ball, location: 2F
0-2: Foul Ball, location: 2F
0-2: Strikes out looking
Batting: RHB Jorge Castillo 0-0: Ball
1-0: Fielders Choice at 2nd, U4 (Groundball, 4M)
Bottom of the 6th over - 0 runs, 1 hit, 0 errors, 1 left on base; Birmingham 9 - Waba 3
TOP OF THE 7TH
Birmingham Barons batting - Pitching for Waba Ducks : RHP Jim Wilson
Batting: RHB Dave Williams 0-0: Ball
1-0: Ball
2-0: Called Strike
2-1: Ground out 6-3 (Groundball, 6)
Batting: LHB Ron Young 0-0: Ball
1-0: Foul Ball, location: 2F
1-1: Ball
2-1: Called Strike
2-2: DOUBLE (Line Drive, 9LD)
Batting: LHB Alberto Santos 0-0: Called Strike
0-1: Fly out, F9 (Flyball, 89D)
Runner from 2nd tags up, SAFE at 3rd, no throw
Batting: RHB Fred Moulds 0-0: Called Strike
0-1: Called Strike
0-2: Ball
1-2: Ball
2-2: Strikes out looking
Top of the 7th over - 0 runs, 1 hit, 0 errors, 1 left on base; Birmingham 9 - Waba 3
BOTTOM OF THE 7TH
Waba Ducks batting - Pitching for Birmingham Barons : RHP Enrique Boyd
Batting: RHB Charles Lewis 0-0: Foul Ball, location: 2F
0-1: SINGLE (Popup, 6D)
Batting: LHB Stanley Mullins 0-0: Ball
1-0: Called Strike
1-1: Fielders Choice at 2nd, 1-4 (Groundball, 15)
Batting: RHB Jimmy Simon 0-0: Foul Ball, location: 2F
0-1: Fly out, F9 (Line Drive, 9D)
Batting: LHB Vincente Sáenz 0-0: Foul Ball, location: 2F
0-1: Swinging Strike
0-2: Ball
1-2: Ball
2-2: Foul Ball, location: 2F
2-2: Strikes out swinging
Bottom of the 7th over - 0 runs, 1 hit, 0 errors, 1 left on base; Birmingham 9 - Waba 3
TOP OF THE 8TH
Birmingham Barons batting - Pitching for Waba Ducks : RHP Jim Wilson
Batting: RHB Bryant von Bohlen 0-0: SINGLE (Flyball, 8RS)
Batting: SHB Randy Anderson 0-0: Called Strike
0-1: Ball
1-1: Fielders Choice at 2nd, 4-6 (Groundball, 4)
Batting: RHB Dave Dawson 0-0: Called Strike
0-1: Ground out 5-3 (Groundball, 5S)
Randy Anderson to second
Batting: RHB Jerry Johnston 0-0: Ball
1-0: SINGLE (Line Drive, 7S)
Randy Anderson to third
Runner from 3rd tries for Home, SAFE, no throw
Batting: RHB Rusty Downy 0-0: Reached on error, E9 (Flyball, 9S)
Jerry Johnston to third
Batting: RHB Dave Williams 0-0: Ball
1-0: Ground out 4-3 (Groundball, 4)
Top of the 8th over - 1 run, 2 hits, 1 error, 2 left on base; Birmingham 10 - Waba 3
BOTTOM OF THE 8TH
Waba Ducks batting - Pitching for Birmingham Barons : RHP Enrique Boyd
Batting: RHB Gerald Burnett 0-0: Called Strike
0-1: Fly out, F5 (Popup, 56S)
Batting: RHB Juan Vareas 0-0: Fly out, F9 (Line Drive, 9S)
Pitching: LHP Mike Waller
Batting: RHB Francisco Castillo 0-0: Ball
1-0: Ball
2-0: Ball
3-0: Base on Balls
Batting: SHB John May 0-0: Ball
1-0: Swinging Strike
1-1: Swinging Strike
1-2: Ball
2-2: Foul Ball, location: 2F
2-2: Strikes out swinging
Bottom of the 8th over - 0 runs, 0 hits, 0 errors, 1 left on base; Birmingham 10 - Waba 3
TOP OF THE 9TH
Birmingham Barons batting - Pitching for Waba Ducks : RHP Jim Wilson
Batting: LHB Ron Young 0-0: Ball
1-0: Called Strike
1-1: Foul Ball, location: 2F
1-2: Ball
2-2: Fly out, F9 (Flyball, 9LS)
Batting: LHB Alberto Santos 0-0: Called Strike
0-1: Ball
1-1: Called Strike
1-2: Ball
2-2: Ground out 4-3 (Groundball, 4S)
Batting: RHB Fred Moulds 0-0: Ball
1-0: Foul Ball, location: 2F
1-1: Foul Ball, location: 2F
1-2: Strikes out swinging
Top of the 9th over - 0 runs, 0 hits, 0 errors, 0 left on base; Birmingham 10 - Waba 3
BOTTOM OF THE 9TH
Waba Ducks batting - Pitching for Birmingham Barons : LHP Mike Waller
Batting: RHB Jorge Castillo 0-0: Ball
1-0: Fly out, F4 (Popup, 4S)
Batting: RHB Charles Lewis 0-0: Called Strike
0-1: Foul Ball, location: 2F
0-2: Fly out, F7 (Line Drive, 78M)
Batting: LHB Stanley Mullins 0-0: Foul Ball, location: 2F
0-1: Foul Ball, location: 2F
0-2: Fly out, F8 (Line Drive, 89D)
Bottom of the 9th over - 0 runs, 0 hits, 0 errors, 0 left on base; Birmingham 10 - Waba 3
Saturday, April 7th, 2018 - OOTP Baseball 18.8 Build 76